 Dungeon Crawl Stone Soup version 0.28-b1-1-g3c77fb2ed1 (webtiles) character file.

Game seed: 1160295402388440888

311 markar the Stinger (level 6, -1/38 HPs)
             Began as an Octopode Venom Mage on Jan 31, 2022.
             Slain by a centaur zombie (4 damage)
             ... on level 5 of the Dungeon.
             The game lasted 00:17:20 (5969 turns).

markar the Stinger (Octopode Venom Mage)            Turns: 5969, Time: 00:17:20

Health: -1/38      AC:  1    Str:  7    XL:     6   Next: 42%
Magic:  8/9        EV: 13    Int: 17    God:
Gold:   253        SH:  0    Dex: 15    Spells: 3/9 levels left

rFire   . . .      SeeInvis .     - Unarmed
rCold   . . .      Faith    .   (no shield)
rNeg    . . .      Spirit   .   (helmet restricted)
rPois   .          Reflect  .   (no amulet)
rElec   .          Harm     .   (no ring)
rCorr   .          Rampage  .   (no ring)
Will    .....                   (no ring)
Stlth   ++++......              (no ring)
HPRegen 0.12/turn               (no ring)
MPRegen 0.11/turn               (no ring)
                                (no ring)
                                (no ring)

@: no status effects
A: almost no armour, amphibious, 8 rings, camouflage 1, gelatinous body 1,
(nimble swimmer 1), tentacles
a: no special abilities


You were on level 5 of the Dungeon.
You visited 1 branch of the dungeon, and saw 6 of its levels.
You also visited: Sewer.

You collected 253 gold pieces.

Inventory:

Armour
 n - an orb of light
Jewellery
 a - an amulet of guardian spirit
Wands
 q - a wand of digging (4)
Scrolls
 c - 6 scrolls of teleportation {unknown}
 f - 3 scrolls of identify {unknown}
 l - a scroll of vulnerability {unknown}
 m - 2 scrolls of fog {unknown}
Potions
 b - a potion of curing {unknown}
 d - 2 potions of magic {unknown}
 h - a potion of attraction {unknown}
 j - a potion of might {unknown}
 k - 3 potions of haste {unknown}
 o - a potion of degeneration {unknown}
 p - a potion of berserk rage {unknown}
 r - a potion of invisibility {unknown}


   Skills:
 + Level 1.0 Fighting
 - Level 2.0 Dodging
 - Level 3.9 Stealth
 + Level 1.5 Unarmed Combat
 - Level 2.4 Spellcasting
 - Level 1.0 Transmutations
 - Level 1.0 Air Magic
 - Level 7.0 Poison Magic


You had 3 spell levels left.
You knew the following spells:

 Your Spells              Type           Power      Damage    Failure   Level
a - Sting                 Tmut/Pois      60%        1d6       3%          1
b - Poisonous Vapours     Pois/Air       30%        N/A       5%          2
c - Mephitic Cloud        Conj/Pois/Air  11%        N/A       19%         3

Your spell library contained the following spells:

 Spells                   Type           Power      Damage    Failure   Level
 Blink                    Tloc           4%         N/A       28%         2
 Gell's Gravitas          Tloc           2%         N/A       50%         3
 Lesser Beckoning         Tloc           2%         N/A       50%         3
 Teleport Other           Tloc           2%         N/A       50%         3
 Olgreb's Toxic Radiance  Pois           26%        N/A       10%         4
 Summon Lightning Spire   Summ/Air       3%         N/A       83%         4
 Manifold Assault         Tloc           2%         N/A       99%         5
 Storm Form               Tmut/Air       2%         N/A       100%        7
 Maxwell's Capacitive Co  Air            2%         ∞         100%        8


Dungeon Overview and Level Annotations

Branches:
Dungeon (6/15)              Sewer (visited)
 Temple: D:4-7

Altars:
Makhleb
Sif Muna

Shops:
D:2 !   D:3 !   D:4 *

Annotations:
D:3 1 runed translucent door, Crazy Yiuf
D:5 Sigmund


Innate Abilities, Weirdness & Mutations

You cannot wear most types of armour.
You are amphibious.
You can wear up to eight rings at the same time.
Your skin changes colour to match your surroundings (Stealth+).
Your rubbery body absorbs attacks. (AC +1, EV +1)
((You are camouflaged when in or above water. (Stealth+)))
You have tentacles for arms and can constrict up to eight enemies at once.


Message History

The ball explodes into a vile cloud!
You closely miss something. Something hits you.
You tentacle-slap something. You squeeze something!
Something laughs crazily.
Something hits you.
You tentacle-slap something. Your squeeze misses something.
You tentacle-slap something. You squeeze something.
You tentacle-slap something but do no damage.
Something hits you!
You closely miss something. Your squeeze misses something.
A centaur zombie comes into view.
A water moccasin zombie comes into view.
You barely miss something. The centaur zombie misses you.
The centaur zombie closely misses you.
You closely miss something.
The centaur zombie barely misses you. x2
Something hits you!
An ogre comes into view. It is wielding a +0 giant spiked club.
You see here a scroll labelled LOGISU LISUESU.
You closely miss something.
The ogre shouts!
You squeeze something. The centaur zombie barely misses you.
The centaur zombie closely misses you. Something hits you!
* * * LOW HITPOINT WARNING * * *
The centaur zombie closely misses you. The centaur zombie kicks you.
* * * LOW HITPOINT WARNING * * *
As you read the scroll labelled WUKIOV VOEJ, it crumbles to dust.
You assume a fearsome visage.
The ogre looks frightened!
The water moccasin zombie is unaffected.
The centaur zombie is unaffected.
It was a scroll of fear.
The centaur zombie hits you but does no damage.
The centaur zombie kicks you but does no damage.
As you read the scroll labelled HILISK INOHE, it crumbles to dust.
You feel a surge of unholy energy.
Something is bathed in an unholy light!
The ogre convulses!
It was a scroll of torment.
The centaur zombie barely misses you. The centaur zombie misses you.
As you read the scroll labelled EXZYLA NORGH, it crumbles to dust.
It is a scroll of enchant armour.
You aren't carrying any armour which can be enchanted further.
The centaur zombie hits you.
You die...

.# .# .## .. ##. ##
##.###.#
####...#.#######..O
+...<.....Z@..Z....
####....#########..
#......# #.##.#.#
#.##.#.# #.##.# #
#.##.# #.##.#


You could see an ogre (fleeing), a water moccasin zombie and a centaur zombie.

Vanquished Creatures
  A kobold brigand (Sewer)
  A hound zombie (D:5)
  2 hound skeletons (D:4)
  2 gnolls (D:4)
  7 adders
  2 river rats (Sewer)
  3 worms
  2 dart slugs (D:2)
  2 orcs
  11 endoplasms
  3 giant cockroaches
  8 goblins
  7 hobgoblins
  2 jackals (D:1)
  4 quokkas
  5 ball pythons
  5 bats
  3 frilled lizards
  9 kobolds
  9 rats
88 creatures vanquished.

Notes
Turn   | Place    | Note
-------+----------+-------------------------------------------
     0 | D:1      | markar the Octopode Venom Mage began the quest for the Orb.
     0 | D:1      | Reached XP level 1. HP: 11/11 MP: 3/3
   140 | D:1      | Reached skill level 4 in Poison Magic
   401 | D:1      | Reached XP level 2. HP: 17/17 MP: 3/5
  1006 | D:1      | Reached XP level 3. HP: 21/21 MP: 4/6
  1119 | D:1      | Found a faded altar of an unknown god.
  1403 | D:2      | Reached skill level 5 in Poison Magic
  1816 | D:2      | Found a burning altar of Makhleb.
  1825 | D:2      | Found Baash's Distillery.
  2239 | D:2      | Reached XP level 4. HP: 27/27 MP: 2/7
  2531 | D:3      | Found a glowing drain.
  2561 | D:3      | Found Wuxkuew's Distillery.
  2856 | Sewer    | Entered a sewer
  2957 | Sewer    | Reached skill level 6 in Poison Magic
  2961 | Sewer    | Learned a level 2 spell: Poisonous Vapours
  2965 | Sewer    | Reached XP level 5. HP: 25/32 MP: 4/8
  3217 | Sewer    | Noticed a kobold brigand
  3240 | Sewer    | Killed a kobold brigand
  3663 | Sewer    | Reached skill level 7 in Poison Magic
  3973 | D:3      | Reached XP level 6. HP: 37/37 MP: 6/9
  4426 | D:3      | Found a runed translucent door.
  4427 | D:3      | Noticed Crazy Yiuf
  4768 | D:4      | Reached skill level 1 in Air Magic
  4812 | D:4      | Found Gaetorat's Assorted Antiques.
  5218 | D:4      | You fall into a shaft and drop 2 floors!
  5225 | D:5      | Entered Level 5 of the Dungeon
  5274 | D:5      | Reached skill level 1 in Unarmed Combat
  5482 | D:4      | Reached skill level 1 in Fighting
  5860 | D:4      | Found a shimmering blue altar of Sif Muna.
  5942 | D:5      | Noticed Sigmund
  5949 | D:5      | Learned a level 3 spell: Mephitic Cloud
  5969 | D:5      | Slain by a centaur zombie

Illustrated notes

Levels and vault maps discovered:
D:1:      dpeg_arrival_leaves_temple_mockup, layout_basic,
          shapermc_ecumenical_altar_mp_vishouse, minmay_misc_feat_chi
D:2:      layout_loops_corners, serial_shops, nicolae_shop_crystal, basic_altar
D:3:      layout_rooms, serial_shops, nicolae_shop_crystal,
          gup_sewer_entry_glass, uniq_crazy_yiuf_cottage
D:4:      layout_loops_corners, kennysheep_mini_moat, serial_shops,
          nicolae_shop_trees, nrook_mini_vaults, corexii_mini_fake_secret_closet
D:5:      layout_loops_corners, ebering_ghost_sewer_d, uniq_sigmund
D:6:      layout_basic

Skill      XL: |  1  2  3  4  5  6 |
---------------+-------------------+-----
Poison Magic   | 4 5 6 7 |  7.0
Stealth        | 3 |  3.9
Air Magic      | 1 |  1.0
Unarmed Combat | 1 |  1.5
Fighting       | 1 |  1.0
Dodging        | |  2.0
Spellcasting   | |  2.4
Transmutations | |  1.0

Action                   |  1- 3 |  4- 6 || total
-------------------------+-------+-------++-------
Melee: Unarmed           |    14 |    35 ||    49
       Constrict         |     3 |     6 ||     9
       Tentacles         |     2 |    11 ||    13
       Punch             |       |     1 ||     1
 Cast: Sting             |    69 |    97 ||   166
       Poisonous Vapours |       |    26 ||    26
       Mephitic Cloud    |       |     1 ||     1
Evoke: Wand              |       |     1 ||     1
  Use: Scroll            |       |     3 ||     3
Armor: Skin              |     2 |     8 ||    10
Dodge: Dodged            |    28 |    63 ||    91
